[Event "*** Titled Tuesday Blitz"]
[Site "Chess.com"]
[Date "2018.08.07"]
[Round "9"]
[White "Martins-BR"]
[Black "Karina_Oparina"]
[Result "1-0"]
[WhiteElo "2321"]
[BlackElo "2141"]
[TimeControl "180+2"]
[EndTime "15:06:21 PDT"]
[Termination "Martins-BR won by resignation"]

1. e4 c6 2. d4 d5 3. exd5 cxd5 4. Bd3 Nc6 5. c3 g6 6. h3 Bg7 7. Nf3 Nh6 8. O-O Bf5 9. Bxh6 Bxh6 10. Bxf5 gxf5 11.
Re1 O-O 12. Ne5 e6 13. Nd2 Nxe5 14. Rxe5 Bf4 15. Re2 Qf6 16. Nf3 Kh8 17. g3 Rg8 18. Kh2 Bd6 19. Ne5 f4 20. Qd3 fxg3+ 21. fxg3 Qg7 22.
Rg1 f6 23. Ng4 h5 24. Rxe6 Bc7 25. Nxf6 h4 26. Nxg8 Bxg3+ 27. Kh1 Rxg8 28. Qf3 Qh7 29. Qxd5 Rf8 30. Rxg3 hxg3 31. Qe5+ Qg7 32. Qxg7+ Kxg7 33.
Re7+ Kg6 34. Rxb7 Rf2 35. d5 Kf5 36. d6 Ke4 37. Rg7 Kf3 38. Rf7+ Ke2 39. d7 Rf1+ 40.
Kg2 Rxf7 41. d8=Q 1-0

[Event "*** Titled Tuesday Blitz"]
[Site "Chess.com"]
[Date "2018.08.07"]
[Round "9"]
[White "DACF2905"]
[Black "senecacrane"]
[Result "1-0"]
[WhiteElo "2122"]
[BlackElo "2110"]
[TimeControl "180+2"]
[EndTime "15:06:34 PDT"]
[Termination "DACF2905 won by resignation"]

1. e4 c6 2. d4 d5 3. exd5 cxd5 4. c4 e6 5. Nf3 Nf6 6. Nc3 Bb4 7. Bd3 dxc4 8. Bxc4 O-O 9. O-O b6 10. a3 Bxc3 11.
bxc3 Bb7 12. Ne5 Nbd7 13. Qe2 Ne4 14. Bb2 Rc8 15. Nxd7 Qxd7 16. f3 Nf6 17. Bb5 Qc7 18.
Rac1 Nd5 19. c4 Nf4 20. Qe3 a6 21. Ba4 Rfd8 22. Bb3 Ng6 23. g3 Ne7 24. Ba2 Nf5 25. Qf2 Qe7 26. Rfe1 Qg5 27. f4 Qg4 28. Rcd1 Nh4 29.
d5 Nf3+ 30. Kg2 Nxe1+ 31. Qxe1 exd5 32. cxd5 Rc2+ 33. Rd2 Qf5 34. Kg1 Rxd2 35. Qxd2 Bxd5 36. Qc3 f6 37. Qc7 Qd7 38. Bxd5+ Kh8 39. Qxd7 Rxd7 40. Be6 Rd2 41. Bc3 Rc2 42. Bb4 a5 43. Bf8 Rc8 44.
Bxc8 1-0

[Event "*** Titled Tuesday Blitz"]
[Site "Chess.com"]
[Date "2018.08.07"]
[Round "9"]
[White "BillForster"]
[Black "rikyshi"]
[Result "0-1"]
[WhiteElo "1636"]
[BlackElo "2188"]
[TimeControl "180+2"]
[EndTime "15:06:39 PDT"]
[Termination "rikyshi won on time"]

1. d4 Nf6 2. c4 e6 3. Nc3 Bb4 4. Qc2 O-O 5. e4 d5 6. e5 Ne4 7. Bd3 c5 8. dxc5 Nc6 9. Nf3 f5 10. O-O Bxc3 11. bxc3 Nxc5 12. cxd5 Qxd5 13. Rd1 Nxe5 14.
Be2 Nxf3+ 15. Bxf3 Qe5 16. Be3 Qc7 17. Rab1 Rb8 18.
Qe2 b6 19. Qd2 Bb7 20. Bf4 e5 21. Bxb7 exf4 22. Bd5+ Kh8 23. c4 Ne4 24. Qd4 Nc5 25. Re1 Rbe8 26. Rbd1 Qd6 27. Rf1 Rd8 28. Rfe1 Rfe8 29.
Qc3 Qc7 30. Qd4 Qd6 31. Qc3 Qc7 32. Qd4 Ne6 33. Qc3 Ng5 34. Qb2 Ne4 35. Qd4 Nf6 36.
Qc3 Rxe1+ 37. Rxe1 Qd6 0-1

[Event "*** Titled Tuesday Blitz"]
[Site "Chess.com"]
[Date "2018.08.07"]
[Round "9"]
[White "inegrepus"]
[Black "chenrip"]
[Result "1-0"]
[WhiteElo "2219"]
[BlackElo "2409"]
[TimeControl "180+2"]
[EndTime "15:06:41 PDT"]
[Termination "inegrepus won by checkmate"]

1. d4 d5 2. c4 e5 3. dxe5 d4 4. Nf3 Nc6 5. a3 Nge7 6. b4 Bg4 7. Nbd2 Ng6 8. h3 Be6 9. Bb2 Be7 10. Rc1 Ngxe5 11.
b5 Nxf3+ 12. Nxf3 Na5 13. Nxd4 Bxc4 14. Qa4 Bf6 15. Qxa5 Bxd4 16. Rxc4 Bxb2 17. Re4+ Kd7 18. Qd2+ Kc8 19. Qxb2 f5 20. Re3 f4 21. Rd3 Qg5 22. h4 Qg6 23. h5 Qg5 24. h6 Re8 25. hxg7 b6 26. g3 f3 27. Rxf3 a6 28. Rf8 Kd7 29.
Qd4+ Ke7 30. Qe4+ Kd7 31. Bh3+ Kd6 32. Qd4+ Ke7 33. O-O Qxg7 34. Rxe8+ Rxe8 35. Qd7+ Kf8 36. Qxg7+ Kxg7 37. bxa6 Ra8 38. Rc1 Rxa6 39. Rxc7+ Kg6 40. Rb7 Rxa3 41. Rxb6+ Kg5 42. Kg2 h6 43. e3 Ra2 44.
Rb5+ Kg6 45. Bg4 Ra4 46. Bf3 Rc4 47. e4 Ra4 48. Rc5 Rd4 49. g4 Ra4 50. Kg3 Ra3 51.
Rf5 Rb3 52. e5 Ra3 53. Rf6+ Kg5 54. Rf5+ Kg6 55. e6 Ra6 56. Re5 h5 57. gxh5+ Kf6 58. Re3 Ke7 59. Bg4 Ra5 60. f4 Ra1 61. Kh4 Rg1 62. Kg5 Rg2 63. Rd3 Rg1 64. Rd7+ Ke8 65. h6 Rg2 66. h7 Rh2 67. Bh5+ Rxh5+ 68. Kxh5 Kf8 69. h8=R# 1-0

[Event "*** Titled Tuesday Blitz"]
[Site "Chess.com"]
[Date "2018.08.07"]
[Round "9"]
[White "hypert"]
[Black "Kimster98"]
[Result "0-1"]
[WhiteElo "2359"]
[BlackElo "2511"]
[TimeControl "180+2"]
[EndTime "15:06:43 PDT"]
[Termination "Kimster98 won by resignation"]

1. e4 d6 2. d4 Nf6 3. Nc3 c6 4. h3 b5 5. a3 Nbd7 6. f4 e5 7. fxe5 dxe5 8. d5 a6 9. dxc6 Nc5 10. Qxd8+ Kxd8 11. Bg5 Be7 12. Nf3 Nfxe4 13. Bxe7+ Kxe7 14. Nd5+ Kd6 15. Rd1 Kxc6 16. Nxe5+ Kb7 17. b4 Re8 18. Nxf7 Be6 19. bxc5 Bxf7 20. Ne3 Ng3 21. Rd7+ Kc6 22. Rxf7 Nxh1 23. Kd2 Rad8+ 24. Bd3 Rd7 25. Rf3 Kxc5 26.
Kc3 Rc7 27. Kb2 Rce7 28. Nf5 Rf7 29. Rf1 g6 30. Rxh1 gxf5 31. Rf1 f4 32. Rf3 Rg8 33. g4 Rg5 34. Bf5 Rfxf5 35. gxf5 Rxf5 36. Kc3 a5 37. Kd3 Kd5 38. h4 h5 39. Rf1 f3 40. Ke3 f2 41.
Rxf2 Rxf2 42. Kxf2 Ke4 43. Kg3 Ke3 44. c3 a4 45. Kh3 Kf3 46. Kh2 Kg4 47. Kg2 Kxh4 48. Kf3 Kh3 49. Kf4 Kh4 50. Kf3 Kg5 51. Kg3 h4+ 52. Kh3 Kh5 53. Kh2 Kg4 54. Kg2 Kg5 55. Kh3 Kh5 56. Kh2 Kg4 57. Kg2 Kf4 58. Kh3 Ke3 59.
Kxh4 Kd3 60. Kg3 Kxc3 61. Kf2 Kb3 62. Ke1 Kxa3 63. Kd2 Kb2 0-1

[Event "*** Titled Tuesday Blitz"]
[Site "Chess.com"]
[Date "2018.08.07"]
[Round "9"]
[White "Mbneu"]
[Black "norwaytoadog"]
[Result "1-0"]
[WhiteElo "2296"]
[BlackElo "2123"]
[TimeControl "180+2"]
[EndTime "15:06:43 PDT"]
[Termination "Mbneu won on time"]

1. d4 Nf6 2. c4 e6 3. Nc3 Bb4 4. Bg5 O-O 5. e3 h6 6. Bh4 d6 7. Bd3 Bxc3+ 8. bxc3 c5 9. Ne2 e5 10. O-O g5 11. Bg3 Qe7 12. f4 e4 13. Bc2 Nc6 14.
fxg5 hxg5 15. Qe1 Ng4 16. Nc1 f5 17. h3 Nf6 18. Ne2 Bd7 19. Bh2 Nh5 20. Ng3 Ng7 21.
Qe2 Rae8 22. Nh5 cxd4 23. cxd4 f4 24. Nxg7 Qxg7 25. Bb3 f3 26. gxf3 Bxh3 27. Rf2 g4 28. fxg4 Bxg4 29. Rxf8+ Rxf8 30. Qg2 Bf3 31. Qxg7+ Kxg7 32. Bxd6 Rf6 33. Bg3 Rg6 34. Kf2 Nb4 35. Be5+ Kf7 36.
c5+ Ke8 37. Rd1 Rg2+ 38. Kf1 Rg4 39. Rd2 Nd3 40. Bd6 Rh4 41. Rh2 Rg4 42. Bc2 Kd7 43.
Rh7+ Kc6 44. Ba4+ Kd5 45. Bb3+ Kc6 46. Bc4 1-0

[Event "*** Titled Tuesday Blitz"]
[Site "Chess.com"]
[Date "2018.08.07"]
[Round "9"]
[White "gena217"]
[Black "ShimanovAlex"]
[Result "1-0"]
[WhiteElo "2737"]
[BlackElo "2762"]
[TimeControl "180+2"]
[EndTime "15:06:44 PDT"]
[Termination "gena217 won by resignation"]

1. e4 g6 2. d4 Bg7 3. Nf3 d6 4. Bc4 e6 5. O-O Ne7 6. Re1 Nd7 7.
Bf1 b6 8. c4 Bb7 9. Nc3 h6 10.
Be3 g5 11. Rc1 Ng6 12. b4 a5 13. a3 axb4 14. axb4 O-O 15. h3 f5 16. exf5 exf5 17. d5 f4 18. Bd4 Nde5 19. Bxe5 Nxe5 20. Nd4 g4 21. hxg4 Qh4 22. Be2 Rae8 23. Nf3 Nxf3+ 24. Bxf3 Be5 25. Ne2 h5 26. gxh5 Kh8 27. Nd4 Bc8 28. Nc6 Rg8 29. Nxe5 dxe5 30. d6 Bh3 31. Rc3 Rg7 32.
dxc7 Reg8 33. Qd5 e4 34. Qxe4 Qg5 35. Kf1 Bc8 36. Qc6 Rf8 37. Rd3 Rgg8 38. Rd6 Rg7 39. Rh6+ Rh7 40. Rxh7+ Kxh7 41. Qd6 Rg8 42. Qe7+ Rg7 43.
Qxg5 Rxg5 44. Re8 Rg8 45. Rxg8 Kxg8 46. c5 Kf7 47. cxb6 1-0

[Event "*** Titled Tuesday Blitz"]
[Site "Chess.com"]
[Date "2018.08.07"]
[Round "9"]
[White "juniortay"]
[Black "Stormeman100100"]
[Result "0-1"]
[WhiteElo "2387"]
[BlackElo "2138"]
[TimeControl "180+2"]
[EndTime "15:06:46 PDT"]
[Termination "Stormeman100100 won by resignation"]

1. e4 c5 2. Nc3 Nc6 3. f4 g6 4.
Nf3 Bg7 5. Bc4 e6 6. f5 gxf5 7. d3 Nge7 8. O-O d5 9. exd5 exd5 10. Bb3 Be6 11. Qe1 c4 12. dxc4 dxc4 13. Ba4 Qb6+ 14. Kh1 O-O-O 15. Ng5 Nd4 16. Be3 Qxb2 17. Rb1 Nxc2 18. Qf2 Qxc3 19. Nxe6 fxe6 20. Bxc2 Bd4 21. Bxd4 Qxd4 22. Qe1 Nd5 23. Qxe6+ Kb8 24. Qf7 b6 25. Ba4 Rhf8 26. Qe6 Ne3 27. Rg1 Rd6 28. Qe7 Rfd8 29. h3 Ng4 30. Qe2 Nf2+ 31. Kh2 Ne4 32. Qf3 Qe5+ 33.
g3 Rd2+ 34. Rg2 Rxg2+ 35. Qxg2 Rd2 36. Rb2 Rxg2+ 37. Rxg2 Ng5 38. Bc6 Kc7 39. Ba8 Ne4 40. h4 c3 41. Bxe4 fxe4 42. Rc2 e3 0-1

[Event "*** Titled Tuesday Blitz"]
[Site "Chess.com"]
[Date "2018.08.07"]
[Round "9"]
[White "ozates"]
[Black "thegreendog"]
[Result "0-1"]
[WhiteElo "2472"]
[BlackElo "2355"]
[TimeControl "180+2"]
[EndTime "15:06:51 PDT"]
[Termination "thegreendog won by resignation"]

1. e4 c5 2. Nf3 d6 3. Bb5+ Nd7 4. O-O Nf6 5. Re1 a6 6. Bd3 b5 7. c3 Bb7 8. Bc2 e5 9. d4 cxd4 10. cxd4 Be7 11. Nc3 O-O 12. a3 Rc8 13. h3 Re8 14. Bb3 exd4 15. Qxd4 Nc5 16. Ba2 Ne6 17. Bxe6 fxe6 18.
Ng5 Bf8 19. e5 dxe5 20. Qxe5 Rc5 21. Qe2 Nd5 22. Nce4 Rc7 23. Qg4 Nf6 24. Nxf6+ Qxf6 25. Nxh7 Kxh7 26. Qh5+ Kg8 27. Qxe8 Bd5 28. Qh5 Rc2 29. Be3 Rxb2 30. Rad1 Rb3 31. Bd4 Qf7 32. Qg4 Bxa3 33. Re5 Be7 34. Rc1 Bc4 35. Rh5 Bf6 36. Rd1 e5 37.
Bxe5 Be6 38. Qf3 Rxf3 39. Bxf6 Qxh5 40. gxf3 gxf6 41. Rd8+ Kf7 42. Rd3 Qxh3 43. Re3 Qf5 44. Kf1 b4 45. Kg2 b3 46. Rc3 b2 47. Rc7+ Kg6 0-1

[Event "*** Titled Tuesday Blitz"]
[Site "Chess.com"]
[Date "2018.08.07"]
[Round "9"]
[White "DoctorSocrates"]
[Black "Margency"]
[Result "0-1"]
[WhiteElo "2556"]
[BlackElo "2721"]
[TimeControl "180+2"]
[EndTime "15:06:57 PDT"]
[Termination "Margency won by resignation"]

1. Nc3 d5 2. e4 e6 3. Nf3 Nf6 4. d3 c5 5. Be2 Nc6 6. O-O Be7 7. exd5 Nxd5 8. Nxd5 Qxd5 9. c3 O-O 10. Be3 Bf6 11. Nd2 b6 12. Bf3 Qd7 13. Qa4 Ne5 14.
Qxd7 Nxf3+ 15. Nxf3 Bxd7 16. d4 cxd4 17. Bxd4 Be7 18.
Ne5 Be8 19. c4 f6 20. Ng4 e5 21. Bc3 Rc8 22. Ne3 Bf7 23. Rfc1 Bxc4 24. Bxe5 Be6 25. Rxc8 Rxc8 26. Bc3 Kf7 27. Rd1 b5 28. a3 h5 29.
h4 Bxa3 30. Bxf6 gxf6 31. bxa3 Rc3 32. Ra1 a5 33. Kf1 f5 34. g3 Kf6 35. Ke2 Ke5 36.
Ng2 Bc4+ 37. Kd2 Rd3+ 38. Ke1 Rb3 39. Nf4 Bf7 40. Kd2 Ke4 41. Re1+ Kf3 42. Re7 Bc4 43. Nxh5 Rxa3 44. Re5 Kxf2 45. Rxf5+ Kg2 46. g4 b4 47. Nf6 Ra2+ 48. Ke3 b3 49. Ne4 Re2+ 50. Kd4 Rxe4+ 51. Kxe4 b2 0-1

[Event "*** Titled Tuesday Blitz"]
[Site "Chess.com"]
[Date "2018.08.07"]
[Round "9"]
[White "Marcan2b"]
[Black "2Tilted"]
[Result "1-0"]
[WhiteElo "2305"]
[BlackElo "2316"]
[TimeControl "180+2"]
[EndTime "15:06:59 PDT"]
[Termination "Marcan2b won by checkmate"]

1. e4 c5 2. Nc3 Nc6 3. Bb5 Nd4 4. Nf3 Nxb5 5. Nxb5 a6 6. Nc3 e6 7. d4 cxd4 8. Qxd4 Ne7 9. Bf4 Nc6 10. Qd2 Bb4 11. a3 Be7 12. O-O-O O-O 13. Rhe1 b5 14. Bd6 b4 15. axb4 Nxb4 16. Bxe7 Qxe7 17. Qd6 Qxd6 18. Rxd6 f5 19. Ne5 fxe4 20. Nxe4 Ra7 21. c3 Nd5 22. f3 Nf6 23. Nc5 Ne8 24. Rb6 g5 25. h3 Kg7 26. Rd1 d6 27. Nc6 Ra8 28. Ne4 d5 29.
Nc5 Rf7 30. Nd8 Re7 31. Ndxe6+ Bxe6 32. Nxe6+ Kg8 33. Rxd5 h6 34. Nd4 Nc7 35. Rdd6 Nb5 36. Rg6+ Kf8 37. Rbf6+ Rf7 38. Nxb5 axb5 39. Rxh6 Ra1+ 40.
Kd2 Rg1 41. Rxf7+ Kxf7 42. g4 Rg2+ 43. Ke3 Rxb2 44. Rb6 Rc2 45. Ke4 Rxc3 46. Rxb5 Rc4+ 47. Kf5 Rf4+ 48. Kxg5 Rxf3 49. h4 Kg7 50. Rb7+ Kh8 51. h5 Ra3 52. Rb6 Ra4 53. h6 Kh7 54. Rb7+ Kh8 55.
Kh5 Ra1 56. g5 Ra2 57. Rb8+ Kh7 58. g6# 1-0

[Event "*** Titled Tuesday Blitz"]
[Site "Chess.com"]
[Date "2018.08.07"]
[Round "9"]
[White "sergeikim"]
[Black "Mikhail_Golubev"]
[Result "0-1"]
[WhiteElo "2355"]
[BlackElo "2447"]
[TimeControl "180+2"]
[EndTime "15:07:01 PDT"]
[Termination "Mikhail_Golubev won by resignation"]

1. d4 Nf6 2. c4 g6 3. Nc3 Bg7 4. e4 d6 5. Nge2 e5 6. d5 Nh5 7. Be3 O-O 8. Qd2 f5 9. f3 Nd7 10. O-O-O a6 11. exf5 gxf5 12. g4 fxg4 13. fxg4 Nf4 14.
Ng3 Nf6 15. h3 Qe8 16. Nge4 Nxe4 17. Nxe4 b5 18. c5 b4 19. Kb1 Qg6 20. Qc2 a5 21. Bxf4 exf4 22. Bd3 Qh6 23. g5 Qh4 24. Nf6+ Bxf6 25.
gxf6 Qxf6 26. Bxh7+ Kh8 27. Be4 a4 28. c6 b3 29.
axb3 axb3 30. Qxb3 Ba6 31. Qc3 Qxc3 32. bxc3 f3 33. Bd3 Bxd3+ 34. Rxd3 Rfb8+ 35. Kc2 Ra2+ 36. Kc1 Ra1+ 37. Kd2 Rxh1 38. Rxf3 Kg7 39. Kd3 Rf8 40. Re3 Rf7 41. Kc4 Rd1 42. h4 Rf4+ 43. Kb3 Rxd5 44. Re7+ Kf6 45. Rxc7 Rc5 46. Rc8 Rfc4 47. h5 Rxc3+ 48.
Kb4 R3c4+ 0-1

[Event "*** Titled Tuesday Blitz"]
[Site "Chess.com"]
[Date "2018.08.07"]
[Round "9"]
[White "indfraeng"]
[Black "W_Amadeus"]
[Result "0-1"]
[WhiteElo "1938"]
[BlackElo "2565"]
[TimeControl "180+2"]
[EndTime "15:07:05 PDT"]
[Termination "W_Amadeus won by resignation"]

1. d4 Nf6 2. c4 g6 3. g3 Bg7 4. Nf3 O-O 5. Bg2 c5 6. d5 b5 7. Qc2 d6 8. e4 Na6 9. a3 bxc4 10. O-O Nc7 11. Nbd2 Bg4 12. Nxc4 Bxf3 13. Bxf3 Nb5 14. Be3 Nd7 15. Rfd1 Rb8 16. Bg2 Nd4 17.
Bxd4 Bxd4 18. Rab1 Ne5 19. Nxe5 dxe5 20. b4 cxb4 21.
Rxb4 Rxb4 22. axb4 Qb6 23. Qa4 Bxf2+ 24. Kh1 h5 25. Rf1 h4 26. g4 Be3 27. Qb3 Kg7 28. h3 Bf4 29. Ra1 Rc8 30. Qb2 Qe3 31.
Rf1 Rc3 32. Bf3 g5 33. Kg2 Rb3 34. Qf2 Rxb4 35. Qxe3 Bxe3 36. Ra1 Rb2+ 37. Kh1 Bd4 38. Ra6 Bb6 39. Ra4 Kf8 40. Rc4 Ke8 41. Rc8+ Kd7 42. Rg8 f6 43. Rb8 Rb1+ 44. Kg2 Rb2+ 45. Kh1 Kd6 46. Re8 Kc5 47. Rxe7 Kd4 48. d6 Ke3 49. Bg2 Kf4 50. Rf7 Rb1+ 51. Bf1 Rxf1+ 52. Kg2 Rf2+ 53. Kh1 Kg3 54. Kg1 Rf3+ 55. Kh1 0-1

[Event "*** Titled Tuesday Blitz"]
[Site "Chess.com"]
[Date "2018.08.07"]
[Round "9"]
[White "MITerryble"]
[Black "Alexander_Moskalenko"]
[Result "0-1"]
[WhiteElo "2765"]
[BlackElo "2850"]
[TimeControl "180+2"]
[EndTime "15:07:06 PDT"]
[Termination "Alexander_Moskalenko won by resignation"]

1. d4 d5 2. Nf3 e6 3. c4 Nf6 4. e3 c5 5. dxc5 Bxc5 6. a3 a6 7. b4 Ba7 8. Bb2 O-O 9. Nbd2 Nc6 10. Be2 d4 11. exd4 Nxd4 12. c5 Nxf3+ 13. Nxf3 Bd7 14.
Ne5 Bb5 15. Bxb5 axb5 16. Qe2 Qe8 17. O-O Nd5 18. Nf3 Bb8 19. Nd4 Nf4 20. Qxb5 Be5 21. Qc4 Bxd4 22. Bxd4 Qc6 23. f3 b5 24. Qc2 f6 25. Rfd1 Rfd8 26. Bb2 e5 27. Rxd8+ Rxd8 28. Rd1 Rd5 29. Qb3 Kf8 30. Rxd5 Nxd5 31. Bc1 Nc7 32.
Qd3 Qd5 33. Qxd5 Nxd5 34. Kf2 Ke7 35. Ke2 Ke6 36. Kd3 h5 37. h4 g6 38. Bd2 f5 39.
Bc1 Kd7 40. a4 Nxb4+ 41. Kc3 Na2+ 42. Kc2 Nxc1 43. axb5 Ne2 44. Kd3 Nf4+ 45. Kc4 e4 46.
fxe4 fxe4 47. Kd4 Nxg2 48. Kxe4 Nxh4 49. Kd5 Nf5 50. c6+ Kc8 51. Kc5 Ne7 52. b6 Nxc6 53.
Kxc6 h4 0-1

[Event "*** Titled Tuesday Blitz"]
[Site "Chess.com"]
[Date "2018.08.07"]
[Round "9"]
[White "Abrito99"]
[Black "TijanaBlagojevic"]
[Result "1-0"]
[WhiteElo "2504"]
[BlackElo "2371"]
[TimeControl "180+2"]
[EndTime "15:07:13 PDT"]
[Termination "Abrito99 won by resignation"]

1. e4 c5 2. Nf3 b6 3. d4 cxd4 4. Nxd4 Bb7 5. Nc3 g6 6. Bc4 Bg7 7. O-O Nc6 8. Be3 Nf6 9. Nxc6 dxc6 10. Qe2 e5 11. Rad1 Qe7 12. f4 O-O 13. fxe5 Nd7 14. Bg5 Qc5+ 15. Be3 Qe7 16. e6 fxe6 17. Qg4 Nc5 18. b4 Ba6 19. Bg5 Qe8 20. Rxf8+ Bxf8 21. e5 Bxc4 22. Qxc4 Nd7 23. Qd4 h6 24. Bc1 Rd8 25.
Ne4 Be7 26. Qb2 Nxe5 27. Rxd8 Qxd8 28. Qxe5 Qd1+ 29. Kf2 Qxc1 30. Qxe6+ Kf8 31. Qc8+ Kf7 32.
Qxc6 Qf4+ 33. Ke2 Qg4+ 34. Kf2 Qf4+ 35. Ke2 Qxh2 36. Qd5+ Kg7 37. Qd4+ Kf7 38. Qd5+ Ke8 39. Qg8+ Kd7 40. Qxg6 Qe5 41. Qg4+ Kc6 42. c3 Bg5 43.
Qc8+ Kb5 44. Qd7+ Ka6 45. Kd3 Bf4 46. a4 Qc7 47. Qd5 Be5 48. c4 Bf4 49. c5 bxc5 50. Nxc5+ Kb6 51. a5+ Kb5 52. Ne6+ Kxb4 53. Nxc7 Bxc7 54.
Qc4+ 1-0

[Event "*** Titled Tuesday Blitz"]
[Site "Chess.com"]
[Date "2018.08.07"]
[Round "9"]
[White "GMG"]
[Black "Mr_Penings"]
[Result "1/2-1/2"]
[WhiteElo "2730"]
[BlackElo "2521"]
[TimeControl "180+2"]
[EndTime "15:07:15 PDT"]
[Termination "Game drawn by agreement"]

1. d4 Nf6 2. Bf4 d6 3. Nc3 Nbd7 4.
Nf3 g6 5. e4 Bg7 6. Qd2 O-O 7.
Bh6 c5 8. Bxg7 Kxg7 9. O-O-O cxd4 10. Nxd4 Nc5 11. Qe3 Be6 12. Be2 Qa5 13. Nxe6+ Nxe6 14. Kb1 Rfc8 15. Nd5 Qc5 16. Qxc5 Rxc5 17. Nxf6 Kxf6 18.
g3 Rac8 19. Bd3 g5 20. h4 g4 21. c3 h5 22. Bc2 Ke5 23. Rhe1 b5 24. Bb3 a5 25. Rd5+ Kf6 26. Red1 a4 27. Bc2 a3 28. Rf5+ Rxf5 29. exf5 Ng7 30. Rd5 axb2 31. Kxb2 Rc5 32. c4 Rxd5 33. cxd5 Nxf5 34. Kc3 Ke5 35. Bxf5 Kxf5 36. Kb4 Ke4 37. Kxb5 Kf3 38. a4 Kxf2 39.
a5 Kxg3 40. a6 Kh2 41. a7 g3 42. a8=Q g2 43. Qa2 Kh1 44. Qf2 g1=Q 45. Qxf7 Qc5+ 46. Ka6 Qc4+ 47. Kb7 Qxh4 48. Qf1+ Kh2 49. Qe2+ Kh3 50. Qf3+ Kh2 51. Qe2+ Kh3 52. Qf3+ Kh2 53. Qe2+ Kg1 54. Qe3+ Kg2 55. Qe2+ Kg3 56. Qe1+ Kg4 57. Qe4+ Kg3 58. Qe1+ Kh3 59. Qh1+ Kg4 60. Qe4+ 1/2-1/2

[Event "*** Titled Tuesday Blitz"]
[Site "Chess.com"]
[Date "2018.08.07"]
[Round "9"]
[White "JSMastropiero"]
[Black "BasilSmash"]
[Result "1-0"]
[WhiteElo "2350"]
[BlackElo "2428"]
[TimeControl "180+2"]
[EndTime "15:07:23 PDT"]
[Termination "JSMastropiero won by resignation"]

1. d4 d5 2. c4 e6 3. Nc3 Nf6 4. cxd5 exd5 5. Bg5 c6 6. Qc2 Be7 7. e3 Nbd7 8. Bd3 h6 9. Bh4 Nh5 10. Bxe7 Qxe7 11. Nge2 Nb6 12. O-O-O Be6 13. Kb1 O-O-O 14. Ka1 Kb8 15. Rb1 Rc8 16. Rhc1 Nf6 17. h3 Ne8 18.
Na4 Nxa4 19. Qxa4 Nd6 20. Rc3 Rc7 21. Rbc1 Bf5 22. Bxf5 Nxf5 23. Nf4 Nd6 24. Nxd5 cxd5 25. Rxc7 Qxc7 26. Rxc7 Kxc7 27. Qxa7 Rc8 28. b3 Kd7 29. Kb2 h5 30. Qa5 Ke6 31. Qb4 g6 32. a4 f5 33.
f3 Rc6 34. Qe1 Rc8 35. Qg3 Rg8 36. Qe5+ Kd7 37. Qxd5 Re8 38. e4 fxe4 39. fxe4 Rxe4 40. Qg8 Re2+ 41. Kc3 Rxg2 42. Kb4 Rg3 43. d5 Re3 44. Qxg6 Re4+ 45. Ka3 h4 46. Qg7+ Kd8 47. Qh8+ Kc7 48. Qh7+ Kc8 49. Qg6 Kd7 50. Kb2 Kc7 51. Qg7+ Kd8 52.
Qf8+ Kd7 53. Qg7+ Kd8 54. Kc2 Kc8 55. Qf8+ Kd7 56. Qg7+ Kd8 57. a5 Kc8 58. Qf8+ Kd7 59. Qh8 Kc7 60. Qa8 Re2+ 61. Kd3 Rh2 62. a6 Rxh3+ 63.
Kc2 Rh2+ 64. Kb1 Rh1+ 65. Ka2 Rh2+ 66. Ka3 bxa6 67. Qc6+ 1-0

[Event "*** Titled Tuesday Blitz"]
[Site "Chess.com"]
[Date "2018.08.07"]
[Round "9"]
[White "albi1999"]
[Black "djamir"]
[Result "1-0"]
[WhiteElo "2418"]
[BlackElo "2625"]
[TimeControl "180+2"]
[EndTime "15:07:26 PDT"]
[Termination "albi1999 won by checkmate"]

1. d4 d6 2. g3 e5 3. dxe5 dxe5 4. Qxd8+ Kxd8 5. Nc3 c6 6. f4 Nd7 7. Nf3 Bd6 8. Ne4 Bc7 9. Bg2 Ke7 10. b3 b6 11.
Ba3+ c5 12. Bb2 Bb7 13. Ned2 f6 14. fxe5 Nxe5 15. O-O Ng4 16. Nc4 b5 17. h3 bxc4 18. hxg4 cxb3 19. axb3 Bxg3 20. Nh4 Bxg2 21. Nf5+ Kf7 22.
Kxg2 Bc7 23. g5 Kg6 24. Ra6 Kxg5 25. Nxg7 Kg6 26. Ne6 Bb6 27. Nf4+ Kf7 28. Nd5 Ne7 29. Rxf6+ Ke8 30. Nxb6 Rg8+ 31. Kh2 Rd8 32. Nc4 Rd7 33. Rfd6 Rxd6 34. Rxd6 Nf5 35. Ra6 Rg4 36. Nd6+ Nxd6 37. Rxd6 Re4 38. Rd2 a6 39. Kg3 c4 40. Kf3 Rh4 41.
bxc4 Rxc4 42. Bd4 a5 43. c3 a4 44. Ke4 Rc6 45. Ra2 Ra6 46. Kf5 Kf7 47. e4 Ra5+ 48.
e5 h6 49. c4 Ra6 50. c5 h5 51. Rg2 a3 52. e6+ Kf8 53. Kf6 a2 54. Ba1 Rc6 55. Rg5 h4 56. Rh5 Kg8 57. Ke7 h3 58. Rh8# 1-0

[Event "*** Titled Tuesday Blitz"]
[Site "Chess.com"]
[Date "2018.08.07"]
[Round "9"]
[White "Firouzja2003"]
[Black "Nyzhnyk_Illia"]
[Result "1-0"]
[WhiteElo "2842"]
[BlackElo "2785"]
[TimeControl "180+2"]
[EndTime "15:07:31 PDT"]
[Termination "Firouzja2003 won by resignation"]

1. d4 d5 2. c4 dxc4 3. Nf3 Nf6 4. e3 e6 5. Bxc4 a6 6. O-O c5 7. Qe2 Nc6 8. Rd1 cxd4 9. exd4 Be7 10. Nc3 O-O 11.
Bf4 Na5 12. Bd3 b5 13. Rac1 Bb7 14. Ne5 Rc8 15. a3 Nb3 16. Rb1 Nd5 17. Bd2 Nxd4 18.
Qh5 g6 19. Qh3 Qc7 20. Nxd5 Bxd5 21. Ng4 f5 22. Ne3 Bf6 23. Nxd5 exd5 24. Bc3 Nc6 25. Bd2 Rfe8 26. Bf1 Qf7 27. a4 bxa4 28. Bxa6 Rb8 29. Qa3 Rb6 30. Bf1 Ra8 31. b4 Be7 32. Qe3 d4 33. Qf3 a3 34. b5 Rab8 35. Bf4 a2 36.
Rbc1 Na5 37. Bxb8 Rxb8 38. Qf4 Qf8 39. Qxd4 Bf6 40. Qa4 a1=Q 41. Rxa1 Nb7 42. Bc4+ Kh8 43. Rac1 Nc5 44. Qb4 Be7 45. Bd5 Ne4 46. Qe1 Nf6 47.
Bc6 Ng4 48. h3 Nf6 49. Qe5 Kg7 50. Rd7 Re8 51. Re1 Kh6 52. Rxe7 1-0

[Event "*** Titled Tuesday Blitz"]
[Site "Chess.com"]
[Date "2018.08.07"]
[Round "9"]
[White "Caisachess"]
[Black "TBergh98"]
[Result "1/2-1/2"]
[WhiteElo "2240"]
[BlackElo "2050"]
[TimeControl "180+2"]
[EndTime "15:07:31 PDT"]
[Termination "Game drawn by repetition"]

1. e4 Nf6 2. Nc3 d5 3. e5 Nfd7 4. f4 c5 5. Nxd5 Nxe5 6. Nc3 Ng6 7. d3 Nc6 8. Nf3 Bg4 9. Be2 e6 10. Be3 Bd6 11. g3 h5 12. Qd2 Qe7 13. Ne4 O-O-O 14. Nxd6+ Qxd6 15. Qc3 b6 16. O-O-O h4 17. d4 hxg3 18.
dxc5 Qc7 19. hxg3 e5 20. cxb6 axb6 21. Bb5 Bxf3 22. Rxh8 Rxh8 23. Rf1 Rh1 24. Rxh1 Bxh1 25. Qa3 exf4 26. gxf4 Nge7 27. Qa8+ Kd7 28. Qa6 Nd5 29. Bd2 f6 30. c4 Nxf4 31. a4 Nd3+ 32. Kb1 Nc5 33.
Qa8 Ke7 34. Qg8 Be4+ 35. Ka2 Nb4+ 36. Bxb4 Qg3 37. Qe8+ Kd6 38. Qxe4 Qb3+ 39. Kb1 Qd1+ 40. Ka2 Qb3+ 41. Ka1 Qxb4 42. Qd5+ Ke7 43. Qg8 Qe1+ 44. Ka2 Qg3 45. Qe8+ Kd6 46. Qd8+ Ke6 47. Qe8+ Kf5 48. Qc8+ Kg5 49. Qg8 Qb3+ 50. Kb1 Qd1+ 51. Ka2 Qb3+ 52. Kb1 Qd1+ 53. Ka2 g6 54. Be8 Qb3+ 55. Kb1 Qd3+ 56.
Ka2 Qb3+ 57. Kb1 Qd3+ 58. Ka2 Qb3+ 59. Kb1 1/2-1/2

[Event "*** Titled Tuesday Blitz"]
[Site "Chess.com"]
[Date "2018.08.07"]
[Round "9"]
[White "djano"]
[Black "Egorov_Pavel"]
[Result "0-1"]
[WhiteElo "2375"]
[BlackElo "2331"]
[TimeControl "180+2"]
[EndTime "15:07:36 PDT"]
[Termination "Egorov_Pavel won by resignation"]

1. c4 Nf6 2. g3 g6 3. Bg2 Bg7 4. e4 d6 5. Ne2 O-O 6. Nbc3 e5 7. O-O Nc6 8. Rb1 a5 9. a3 Nd4 10. b4 axb4 11. axb4 Be6 12. d3 Qd7 13. Nxd4 exd4 14. Nb5 Bh3 15. Nxd4 Bxg2 16. Kxg2 c6 17. h3 d5 18.
cxd5 Nxd5 19. exd5 Bxd4 20. dxc6 Qxc6+ 21. Qf3 Rfd8 22. Bg5 Qxf3+ 23. Kxf3 f6 24. Bf4 Be5 25. Rfd1 Bxf4 26. Kxf4 Ra4 27. d4 Rc8 28. Ke4 Kf7 29. b5 Ke6 30. Rdc1 f5+ 31. Ke3 Ra3+ 32. Kf4 Rd8 33. Re1+ Kf6 34. Rbd1 Ra4 35. Ke3 Rb4 36. Rb1 Rdxd4 37.
f3 Rxb1 38. Rxb1 Rc4 39. Kd3 Ra4 40. b6 Ke5 41. Rb5+ Kd6 42. Ke3 Kc6 43. Rb1 g5 44. f4 gxf4+ 45. gxf4 Ra3+ 46. Kd4 Rxh3 47. Ke5 Rh5 48. Kf6 Kc5 49. Rb2 Kc6 50. Ke6 Kc5 51. Kd7 Rh4 52. Kc8 Kc6 53. Rb4 h5 54. Kd8 Rg4 55.
Ke7 h4 56. Ke6 h3 57. Rb1 Rxf4 58. Ke5 Rf2 59. Kf6 h2 60. Kg5 Rg2+ 61. Kxf5 Rg1 0-1